 Dungeon Sprint DCSS version 0.24-a0-537-g2d01d4a (webtiles) character file.

Game seed: 16549675629856623351

44471 Faca the Executioner (level 14, -35/151 HPs)
             Began as a Hill Orc Fighter on Aug 17, 2019.
             Was the Champion of the Shining One.
             Killed from afar by a purple draconian (42 damage)
             ... with a bolt of dispelling energy
             ... in the Dungeon (Sprint V: "Ziggurat Sprint").
             The game lasted 00:12:16 (1671 turns).

Faca the Executioner (Hill Orc Fighter)             Turns: 1671, Time: 00:12:17

Health: -35/151    AC: 19    Str: 38    XL:     14   Next: 28%
Magic:  22/27      EV:  7    Int: 13    God:    the Shining One [******]
Gold:   0          SH: 30    Dex: 15    Spells: 13/13 levels left

rFire    + . .     SeeInvis .   M - +8 mithril axe "Arga" {speed, MR+}
rCold    + . .     Gourm    .   n - +3 large shield
rNeg     + + +     Faith    .   K - +4 plate armour {MR+}
rPois    .         Spirit   .   (no helmet)
rElec    .         Reflect  +   (no cloak)
rCorr    .         Harm     .   E - +1 pair of gloves "Raut" {rF+ rN+ Int-2 Dex+5}
MR       +++..     NoTele   +   x - +1 pair of boots {Fly}
Stlth    ..........             N - amulet "Unoenuast" {Reflect rC+ Int+7 SH+3}
HPRegen  0.35/turn              H - +6 ring of strength
MPRegen  0.20/turn              a - ring of Juklarei {+Fly Str+8}

@: corroded, glowing
A: no striking features
a: Divine Shield, Cleansing Flame, Summon Divine Warrior, Brand Weapon With Holy
Wrath, Renounce Religion, Evoke Flight


You were in the Dungeon.
You worshipped the Shining One.
The Shining One was exalted by your worship.
You were not hungry.

You visited 1 branch

Inventory:

Hand Weapons
 b - a +9 broad axe of freezing
 L - the +6 hand axe "Rilunk" {chop, rF+ Str+3}
   (You found it in the Dungeon)

   It inflicts extra damage upon your enemies.
   It affects your strength (+3).
   It protects you from fire.
 M - the +8 mithril axe "Arga" (weapon) {speed, MR+}
   (You found it in the Dungeon)

   Attacks with this weapon are significantly faster.
   It affects your resistance to hostile enchantments.
Armour
 l - +5 gold dragon scales
 m - +5 storm dragon scales
 n - a +3 large shield (worn)
 x - a +1 pair of boots of flying (worn)
 E - the +1 pair of gloves "Raut" (worn) {rF+ rN+ Int-2 Dex+5}
   (You found it in the Dungeon)

   It affects your intelligence (-2).
   It affects your dexterity (+5).
   It protects you from fire.
   It protects you from negative energy.
 K - a +4 plate armour of magic resistance (worn)
Jewellery
 a - the ring of Juklarei (right hand) {+Fly Str+8}
   (You found it in the Dungeon)

   [ring of flight]

   It affects your strength (+8).
   It lets you fly.
 o - the amulet of the Enemy {Gourm MR++ Int-3 SInv Stlth+}
   (You found it in the Dungeon)

   [amulet of the gourmand]

   It allows you to eat raw meat even when not hungry.
   It affects your intelligence (-3).
   It affects your resistance to hostile enchantments.
   It lets you see invisible.
   It makes you more stealthy.
 D - a +6 ring of dexterity
 F - the ring "Uptesu Ets" {rF+ SInv}
   (You found it in the Dungeon)

   [ring of protection from fire]

   It protects you from fire.
   It lets you see invisible.
 G - a +6 ring of intelligence
 H - a +6 ring of strength (left hand)
 I - a +4 ring of evasion
 J - an uncursed amulet of faith
 N - the amulet "Unoenuast" (around neck) {Reflect rC+ Int+7 SH+3}
   (You found it in the Dungeon)

   [amulet of reflection]

   It shields you and reflects attacks.
   It affects your intelligence (+7).
   It protects you from cold.
   It affects your SH (+3).
 O - an uncursed ring of see invisible
 P - an uncursed amulet of magic regeneration
Wands
 y - a wand of disintegration (7)
 A - a wand of iceblast (7)
 B - a wand of acid (7)
 C - a wand of digging (6)
Scrolls
 c - 4 scrolls of amnesia
 k - 4 scrolls of blinking
 p - 8 scrolls of fog
 q - a scroll of holy word
 r - 5 scrolls of identify
 s - 5 scrolls of remove curse
 t - 2 scrolls of fear
Potions
 d - 6 potions of might
 e - 11 potions of curing
 g - 7 potions of heal wounds
 h - 13 potions of haste
 i - 7 potions of magic
 j - 5 potions of berserk rage
 u - 2 potions of brilliance
 v - 2 potions of invisibility
 w - 4 potions of resistance
 z - 5 potions of agility
Comestibles
 f - 7 rations
 Q - 14 chunks of flesh


   Skills:
 + Level 21.2 Fighting
 + Level 23.8 Axes
 + Level 16.9 Armour
 + Level 16.8 Shields
 + Level 19.2 Invocations


You had 13 spell levels left.
You didn't know any spells.
Your spell library was empty.

Dungeon Overview and Level Annotations

Branches:
Dungeon (1/1)

Altars:
Ashenzari
Cheibriados
Dithmenos
Elyvilon
Fedhas
Gozag
Hepliaklqana
Kikubaaqudgha
Makhleb
Nemelex Xobeh
Okawaru
Qazlal
Ru
Sif Muna
Trog
Uskayaw
Vehumet
Wu Jian
Xom
Yredelemnul
Zin
The Shining One
Beogh
Jiyva
Lugonu


Message History

The white draconian knight is moderately wounded.
The golden flame engulfs the black draconian!!!
The black draconian is heavily wounded.
The golden flame engulfs the green draconian!
The green draconian is lightly wounded.
The golden flame engulfs the black draconian!!
The black draconian is moderately wounded.
You feel somewhat more hungry.
The yellow draconian throws acid at you.
The glob of acid hits you but does no damage.
You are splashed with acid!
* * * LOW HITPOINT WARNING * * *
The white draconian knight casts a spell at you.
The bolt of cold hits you!! You resist.
* * * LOW HITPOINT WARNING * * *
You block the green draconian's attack.
The purple draconian breathes dispelling energy at you.
The bolt of dispelling energy hits you!!!
Your magical effects are unravelling.
You die...

.))........._▓▓.....d... ▓..
.)).........8▓▓......... ▓..
.().....}..._▓▓......... ▓..
..).........8▓▓...............▓..
........|..._▓▓....dq.........▓..
..[[........8▓▓.ddddd........ ▓†.
.)[.<......._▓▓dqddd☼....... ▓†▓
............8▓▓ddq▓.......▓ ▓..
............_▓▓)@▓▓▓.....▓▓ .▓..
8_8_8_8_8_8_8▓▓...▓.......▓...▓..
▓▓▓▓▓▓▓▓▓▓▓▓▓▓▓...............▓▓▓
▓.......©.......▓..
▓▓▓▓▓▓▓▓▓▓▓▓▓▓▓▓▓.. ▓.. ▓.. ▓..
▓..


You could see a white draconian knight (invisible), 4 draconians, 2 draconians,
a green draconian, 2 draconians, 3 draconians, a red draconian shifter and a
purple draconian stormcaller.

Vanquished Creatures
  A lich (D)
  Rupert (D)
  A shadow dragon (D)
  2 fire giants (D)
  Louise (D)
  A ghoul (D)
  A green draconian (D)
  2 vampire knights (D)
  2 yellow draconians (D)
  A dire elephant (D)
  A red draconian (D)
  A mummy priest (D)
  A fire dragon (D)
  A shambling mangrove (D)
  A spriggan air mage (D)
  2 dancing weapons (D)
  2 hell hogs (D)
  4 vampire magi (D)
  3 spriggan berserkers (D)
  5 soul eaters (D)
  A spriggan (D)
  Nergalle (D)
  2 skeletal warriors (D)
  A deep elf archer (D)
  2 spriggan druids (D)
  3 deep elf magi (D)
  2 necromancers (D)
  A black mamba (D)
  4 spiny frogs (D)
  4 toenail golems (D)
  A torpor snail (D)
  A freezing wraith (D)
  An efreet (D)
  An ice devil (D)
  4 guardian mummies (D)
  Grinder (D)
  A blink frog (D)
  3 hornets (D)
  2 flying skulls (D)
  A water elemental (D)
  An air elemental (D)
  A shadow (D)
  8 fire elementals (D)
  A yak (D)
  Grum (D)
  Edmund (D)
  3 water moccasins (D)
  2 porcupines (D)
  7 hell hounds (D)
  2 floating eyes (D)
  2 necrophages (D)
  A phantom (D)
  A wolf (D)
  2 crocodiles (D)
  4 bullfrogs (D)
  6 wights (D)
  A crimson imp (D)
  3 jellies (D)
  2 iguanas (D)
  4 mummies (D)
  5 river rats (D)
  6 adder skeletons (D)
  3 adder zombies (D)
  5 bat skeletons (D)
  A bat zombie (D)
  A jackal (D)
  2 ball python skeletons (D)
  A bat simulacrum (D)
  2 giant cockroach zombies (D)
  3 jackal skeletons (D)
  2 jackal zombies (D)
  A leopard gecko simulacrum (D)
  A leopard gecko skeleton (D)
  A leopard gecko zombie (D)
  A quokka skeleton (D)
  A quokka zombie (D)
  A spectral jackal (D)
  A butterfly (D)
  3 fire vortices (D)
165 creatures vanquished.

Vanquished Creatures (others)
  the Lernaean hydra (D)
  Polyphemus (D)
  A yellow draconian (D)
  Josephine (D)
  Harold (D)
  A hell hog (D)
  Maurice (D)
  Menkaure (D)
  Terence (D)
9 creatures vanquished.

Grand Total: 174 creatures vanquished

Notes
Turn   | Place    | Note
-------+----------+-------------------------------------------
     0 | D        | Faca the Hill Orc Fighter began the quest for the Orb.
     0 | D        | Reached XP level 1. HP: 19/19 MP: 1/1
     3 | D        | Found a blossoming altar of Fedhas.
     4 | D        | Found the +6 Majin-Bo {vamp, Archmagi MP+6 Int+6}
     4 | D        | Found the +7 great mace "Firestarter" {inner flame, rF++}
    18 | D        | Killed Maurice
    28 | D        | Found a viscous altar of Jiyva.
    28 | D        | Found a hazy altar of Hepliaklqana.
    28 | D        | Found a transporter.
    28 | D        | Found an opulent altar of Gozag.
    28 | D        | Found an ancient bone altar of Kikubaaqudgha.
    28 | D        | Found a corrupted altar of Lugonu.
    34 | D        | Found a burning altar of Makhleb.
    35 | D        | Found a sacrificial altar of Ru.
    35 | D        | Found a stormy altar of Qazlal.
    35 | D        | Found a shimmering blue altar of Sif Muna.
    35 | D        | Found an iron altar of Okawaru.
    35 | D        | Found a bloodstained altar of Trog.
    35 | D        | Found a sparkling altar of Nemelex Xobeh.
    57 | D        | Killed Terence
    60 | D        | Became a worshipper of the Shining One
    62 | D        | Reached skill level 10 in Axes
    62 | D        | Reached XP level 2. HP: 26/26 MP: 2/2
    76 | D        | Entered arena 2.
    76 | D        | Noticed a wight
    76 | D        | Reached * piety under the Shining One
    76 | D        | Found a transporter.
    81 | D        | Killed a wight
    81 | D        | Reached skill level 5 in Fighting
    81 | D        | Reached XP level 3. HP: 36/36 MP: 3/3
    81 | D        | Killed Menkaure
    95 | D        | Entered arena 3.
    95 | D        | Noticed a bullfrog
    95 | D        | Reached ** piety under the Shining One
    95 | D        | Found a transporter.
    98 | D        | Reached skill level 11 in Axes
    98 | D        | Reached XP level 4. HP: 44/44 MP: 4/4
    99 | D        | Killed a bullfrog
    99 | D        | Reached skill level 12 in Axes
    99 | D        | Reached XP level 5. HP: 53/53 MP: 5/5
   116 | D        | Entered arena 4.
   116 | D        | Noticed a toenail golem
   116 | D        | Noticed a toenail golem
   116 | D        | Noticed a toenail golem
   116 | D        | Noticed a toenail golem
   116 | D        | Reached *** piety under the Shining One
   116 | D        | Found a transporter.
   122 | D        | Killed a toenail golem
   122 | D        | Reached skill level 14 in Axes
   122 | D        | Reached XP level 6. HP: 60/68 MP: 6/6
   122 | D        | Reached XP level 7. HP: 65/74 MP: 7/7
   127 | D        | Killed a toenail golem
   127 | D        | Reached skill level 16 in Axes
   129 | D        | Killed a toenail golem
   129 | D        | Reached XP level 8. HP: 58/88 MP: 8/8
   130 | D        | Killed a toenail golem
   130 | D        | Reached skill level 17 in Axes
   251 | D        | Entered arena 5.
   251 | D        | Found a transporter.
   259 | D        | Reached skill level 15 in Fighting
   259 | D        | Reached skill level 18 in Axes
   259 | D        | Reached XP level 9. HP: 46/97 MP: 9/9
   283 | D        | Killed Harold
   337 | D        | Got the +6 hand axe "Rilunk" {chop, rF+ Str+3}
   339 | D        | Entered arena 6.
   339 | D        | Reached **** piety under the Shining One
   339 | D        | Found a transporter.
   341 | D        | Paralysed by a floating eye for 3 turns
   353 | D        | Entered arena 7.
   353 | D        | Reached ***** piety under the Shining One
   354 | D        | Found the +8 mithril axe "Arga" {speed, MR+}
   354 | D        | Found a transporter.
   361 | D        | Reached ****** piety under the Shining One
   372 | D        | Entered arena 8.
   372 | D        | Noticed a spiny frog
   373 | D        | Found a transporter.
   375 | D        | Reached skill level 19 in Axes
   384 | D        | Killed a spiny frog
   408 | D        | Entered arena 9.
   409 | D        | Found a transporter.
   424 | D        | Entered arena 10.
   424 | D        | Noticed a +3 war axe of electrocution
   424 | D        | Noticed a deep elf mage
   424 | D        | Noticed a +5 short sword of protection
   424 | D        | Noticed a deep elf archer
   424 | D        | Noticed a deep elf mage
   424 | D        | Noticed a deep elf mage
   425 | D        | Found a transporter.
   426 | D        | Noticed an ice devil
   429 | D        | Killed a deep elf mage
   430 | D        | Killed a +5 short sword of protection
   430 | D        | Reached skill level 20 in Axes
   430 | D        | Reached XP level 10. HP: 72/111 MP: 10/10
   432 | D        | Killed a deep elf mage
   432 | D        | Killed a +3 war axe of electrocution
   436 | D        | Killed a deep elf mage
   440 | D        | Killed a deep elf archer
   440 | D        | Reached skill level 21 in Axes
   477 | D        | Killed Josephine
   519 | D        | Got the amulet "Unoenuast" {Reflect rC+ Int+7 SH+3}
   529 | D        | Entered arena 11.
   529 | D        | Noticed a spiny frog
   534 | D        | Found a transporter.
   535 | D        | Reached skill level 1 in Invocations
   537 | D        | Killed a spiny frog
   550 | D        | Entered arena 12.
   550 | D        | Noticed Grinder
   550 | D        | Noticed Rupert
   550 | D        | Noticed Louise
   550 | D        | Noticed Edmund
   551 | D        | Noticed Grum
   551 | D        | Noticed Nergalle
   553 | D        | Found a transporter.
   556 | D        | Killed Grinder
   559 | D        | Killed Rupert
   559 | D        | Reached XP level 11. HP: 117/121 MP: 12/17
   563 | D        | Killed Nergalle
   567 | D        | Killed Edmund
   570 | D        | Killed Grum
   588 | D        | Killed Louise
   588 | D        | Reached skill level 10 in Invocations
   603 | D        | Got the +1 pair of gloves "Raut" {rF+ rN+ Int-2 Dex+5}
   611 | D        | Got the ring "Uptesu Ets" {rF+ SInv}
   701 | D        | Entered arena 13.
   701 | D        | Noticed a spriggan air mage
   701 | D        | Noticed a spriggan druid
   701 | D        | Noticed a spriggan berserker
   701 | D        | Noticed a spriggan rider
   701 | D        | Noticed a spriggan berserker
   701 | D        | Noticed a spriggan druid
   701 | D        | Noticed a spriggan berserker
   702 | D        | Noticed a shambling mangrove
   702 | D        | Noticed a dire elephant
   709 | D        | Killed a spriggan berserker
   709 | D        | Killed a spriggan berserker
   709 | D        | Reached skill level 10 in Armour
   709 | D        | Reached skill level 10 in Shields
   712 | D        | Killed a spriggan berserker
   717 | D        | Killed a spriggan druid
   717 | D        | Killed a spriggan air mage
   724 | D        | Killed a dire elephant
   724 | D        | Reached XP level 12. HP: 44/128 MP: 4/21
   737 | D        | Killed a shambling mangrove
   741 | D        | Killed a spriggan rider
   742 | D        | Found a transporter.
  1000 | D        | Entered arena 14.
  1006 | D        | Identified the +6 fustibalus "Newtbane" {freeze, +Inv +Fly}
  1028 | D        | Found a transporter.
  1068 | D        | Entered arena 15.
  1076 | D        | Reached skill level 15 in Invocations
  1086 | D        | Found a transporter.
  1112 | D        | Entered arena 16.
  1114 | D        | Noticed a mummy priest
  1135 | D        | Killed the 27-headed Lernaean hydra
  1143 | D        | Killed a mummy priest
  1208 | D        | Killed Polyphemus
  1287 | D        | Found a transporter.
  1301 | D        | Entered arena 17.
  1307 | D        | Noticed a ghoul
  1328 | D        | Killed a ghoul
  1331 | D        | Noticed a soul eater
  1331 | D        | Noticed a soul eater
  1331 | D        | Noticed a soul eater
  1331 | D        | Noticed a soul eater
  1331 | D        | Noticed a soul eater
  1332 | D        | Found a transporter.
  1332 | D        | Noticed a shadow dragon
  1343 | D        | Killed a soul eater
  1347 | D        | Killed a soul eater
  1347 | D        | Reached XP level 13. HP: 135/135 MP: 25/25
  1355 | D        | Reached skill level 22 in Axes
  1360 | D        | Killed a shadow dragon
  1369 | D        | Got the ring of Juklarei {+Fly Str+8}
  1386 | D        | Got the amulet of the Enemy {Gourm MR++ Int-3 SInv Stlth+}
  1388 | D        | Got the ring of Ilenyol {rElec Dex+2}
  1404 | D        | Entered arena 18.
  1404 | D        | Noticed a vampire knight
  1404 | D        | Noticed a vampire knight
  1410 | D        | Killed a vampire knight
  1417 | D        | Killed a vampire knight
  1417 | D        | Reached skill level 15 in Armour
  1422 | D        | Reached skill level 15 in Shields
  1426 | D        | Noticed a lich
  1440 | D        | Killed a lich
  1450 | D        | Found a transporter.
  1486 | D        | Entered arena 19.
  1492 | D        | Reached skill level 23 in Axes
  1492 | D        | Noticed a fire giant
  1511 | D        | Killed a fire giant
  1512 | D        | Reached XP level 14. HP: 135/147 MP: 27/27
  1515 | D        | Identified the +8 rapier "Goblinbane" {holy, rElec rPois
                  | rC+ Int-5}
  1515 | D        | Noticed a fire giant
  1518 | D        | Found a transporter.
  1521 | D        | Killed a fire giant
  1638 | D        | Entered arena 20.
  1647 | D        | Noticed a yellow draconian
  1647 | D        | Noticed a yellow draconian
  1647 | D        | Noticed a red draconian
  1647 | D        | Noticed a green draconian
  1647 | D        | Noticed a black draconian
  1647 | D        | Noticed a black draconian
  1647 | D        | Noticed a yellow draconian
  1647 | D        | Noticed a green draconian
  1647 | D        | Noticed a black draconian
  1647 | D        | Noticed a yellow draconian
  1647 | D        | Noticed a purple draconian
  1648 | D        | Noticed a white draconian knight
  1654 | D        | Noticed a yellow draconian
  1654 | D        | Noticed a purple draconian stormcaller
  1656 | D        | Noticed a red draconian
  1659 | D        | Noticed a red draconian
  1659 | D        | Identified the cursed +3 lajatang "Oseohiqi" {freeze,
                  | *Drain rPois rC+++ Str-4}
  1659 | D        | Noticed a black draconian
  1661 | D        | Killed a red draconian
  1661 | D        | Noticed a purple draconian
  1662 | D        | Killed a yellow draconian
  1663 | D        | Killed a green draconian
  1663 | D        | Noticed a red draconian
  1663 | D        | Noticed a red draconian shifter
  1664 | D        | Killed a yellow draconian
  1666 | D        | Identified the +5 dagger of Imminent Death {flame, Int+4
                  | Dex+3}
  1666 | D        | Noticed a black draconian
  1671 | D        | Killed a yellow draconian
  1671 | D        | HP: 7/151 [white draconian knight/bolt of cold (25)]
  1671 | D        | Killed from afar by a purple draconian

Levels and vault maps discovered:
D:        sprint_v [room_start, room_1, room_2, room_3, room_4, room_5, room_6,
          room_7, room_8, room_9, room_10, room_11, room_12, room_13, room_14,
          room_15, room_16, room_17, room_18, room_19, room_20, room_21,
          room_22, room_23, room_24, room_25, room_26, room_27]

Skill      XL: |  1  2  3  4  5  6  7  8  9 10 11 12 13 14 |
---------------+-------------------------------------------+-----
Axes           | 10 11 12 14 16 18 20 21 23 | 23.8
Fighting       | 5 6 8 11 13 15 17 18 19 20 21 | 21.2
Invocations    | 8 13 16 18 19 | 19.2
Armour         | 7 11 14 16 | 16.9
Shields        | 7 11 14 16 | 16.8

Action                   |  1- 3 |  4- 6 |  7- 9 | 10-12 | 13-15 || total
-------------------------+-------+-------+-------+-------+-------++-------
Melee: Broad axe         |     6 |     5 |    44 |   161 |   106 ||   322
Invok: Cleansing Flame   |       |       |       |     1 |     1 ||     2
 Abil: Stop Flying       |     1 |       |       |       |       ||     1
  Use: Potion            |     1 |       |       |     6 |     2 ||     9
       Scroll            |       |       |       |     2 |     4 ||     6
  Eat: Chunk             |       |       |       |     1 |     2 ||     3
Armor: Storm dragon scal |     1 |       |       |       |       ||     1
       Plate armour      |       |     3 |    33 |    31 |    19 ||    86
Dodge: Dodged            |     1 |       |     8 |    13 |     9 ||    31
Block: Shield            |     3 |     2 |    23 |    93 |     5 ||   126
       Large shield      |       |       |       |       |    81 ||    81
       Reflection        |       |       |       |       |     1 ||     1

Table legend:
 A = Non-vault XP
 B = Vault XP
 C = Vault XP percentage of total XP
 D = Non-vault monster count
 E = Vault monster count
 F = Vault count percentage of total count
                 A         B        C        D         E       F
            +---------+---------+-------+---------+---------+-------
      Total |     826 |   62695 |  98.7 |       3 |     160 |  98.2
            +---------+---------+-------+---------+---------+-------
          D |     826 |   62695 |  98.7 |       3 |     160 |  98.2
            +---------+---------+-------+---------+---------+-------
